 Dungeon Crawl Stone Soup version 0.26-a0-812-g31a745ddcd (webtiles) character file.

Game seed: 9989875705366646037

170 Gargoyl the Skirmisher (level 5, 0/47 HPs)
             Began as a Gnoll Abyssal Knight on Nov 13, 2020.
             Was a Believer of Lugonu.
             Succumbed to Crazy Yiuf's poison
             ... on level 2 of the Dungeon.
             The game lasted 00:03:19 (2496 turns).

Gargoyl the Skirmisher (Gnoll Abyssal Knight)       Turns: 2496, Time: 00:03:20

Health: 0/47       AC: 10    Str: 17    XL:     5   Next: 51%
Magic:  8/8        EV:  8    Int: 17    God:    Lugonu [**....]
Gold:   243        SH:  0    Dex: 14    Spells: 7/7 levels left

rFire    . . .     SeeInvis +   a - +2 hand axe
rCold    . . .     Faith    .   (no shield)
rNeg     . . .     Spirit   .   n - +0 chain mail
rPois    .         Reflect  .   l - +0 helmet
rElec    .         Harm     .   j - scarf {shadows}
rCorr    .         Rampage  .   (no gloves)
MR       .....                  (no boots)
Stlth    ..........             k - amulet of magic regeneration
HPRegen  0.15/turn              c - ring of see invisible
MPRegen  0.36/turn              (no ring)

@: lethally poisoned (0 -> -3), contaminated, hasted, glowing, very quick
A: distributed training, fangs 1, clever 1, strong 1, wild magic 2, strong nose
a: Depart the Abyss, Bend Space, Renounce Religion


You were on level 2 of the Dungeon.
You worshipped Lugonu.
Lugonu was pleased with you.
You visited 1 branch of the dungeon, and saw 2 of its levels.
You visited the Abyss 1 time.

You collected 243 gold pieces.

Inventory:

Hand Weapons
 a - a +2 hand axe (weapon)
Armour
 b - a +0 cloak of magic resistance
 j - a scarf of shadows (worn)
 l - a +0 helmet (worn)
 n - a +0 chain mail (worn)
Jewellery
 c - a ring of see invisible (left hand)
 k - an amulet of magic regeneration (around neck)
Scrolls
 h - 2 scrolls of remove curse
Potions
 e - a potion of flight


   Skills:
 + Level 6.7 Fighting
 + Level 1.5 Short Blades
 + Level 1.5 Long Blades
 + Level 4.8 Axes
 + Level 1.5 Maces & Flails
 + Level 1.5 Polearms
 + Level 1.5 Staves
 + Level 1.5 Slings
 + Level 1.5 Bows
 + Level 1.5 Crossbows
 + Level 1.5 Throwing
 + Level 4.8 Armour
 + Level 3.0 Dodging
 + Level 1.5 Stealth
 + Level 1.5 Shields
 + Level 1.5 Unarmed Combat
 + Level 1.5 Spellcasting
 + Level 1.2 Conjurations
 + Level 1.2 Hexes
 + Level 1.2 Summonings
 + Level 1.2 Necromancy
 + Level 1.2 Translocations
 + Level 1.2 Transmutations
 + Level 1.2 Fire Magic
 + Level 1.2 Ice Magic
 + Level 1.2 Air Magic
 + Level 1.2 Earth Magic
 + Level 1.2 Poison Magic
 + Level 4.9 Invocations
 + Level 1.5 Evocations


You had 7 spell levels left.
You didn't know any spells.
Your spell library was empty.

Dungeon Overview and Level Annotations

Branches:
Dungeon (2/15)

Altars:


Innate Abilities, Weirdness & Mutations

Your experience applies equally to all skills.
You have very sharp teeth.
Your uncanny sense of smell can sniff out nearby items.
Your mind is acute. (Int +2)
Your muscles are strong. (Str +2)
Your spells are harder to cast, but more powerful.


Message History

Things that are here:
a +3 quarterstaff of chaos; a +0 cloak of magic resistance
b - a +0 cloak of magic resistance
* * * LOW HITPOINT WARNING * * *
You feel sick.
You flicker for a moment.
* * * LOW HITPOINT WARNING * * *
You feel sick.
Unknown command.
* * * LOW HITPOINT WARNING * * *
You feel sick.
Unknown command.
Unknown command.
Unknown command.
* * * LOW HITPOINT WARNING * * *
You feel sick.
You flicker back into view.
Unknown command.
Unknown command.
You die...

######...)...###..####.........#
#...........#...#.......#######
#.###.............####### #.#
############### #.# #.###♣♣♣♣♣
#.##...♣.♣♣♣#####
#.......♣..♣#...#
#.....P♣♣♣♣.)..@# ##.#..♣♣
♣♣#..)# ####♣♣ #####


There were no monsters in sight!

Vanquished Creatures
  Crazy Yiuf (D:2)
  Terence (D:2)
  4 adders (D:2)
  An ooze (D:2)
  5 worms (D:2)
  A dart slug (D:1)
  2 leopard geckos (D:1)
  2 ball pythons (D:1)
  4 bats
  2 giant cockroaches
  13 goblins
  9 hobgoblins
  3 kobolds
  A quokka (D:2)
  6 frilled lizards
  3 rats (D:1)
58 creatures vanquished.

Vanquished Creatures (others)
  6 fungi (D:2)
  5 toadstools (D:2)
11 creatures vanquished.

Grand Total: 69 creatures vanquished

Notes
Turn   | Place    | Note
-------+----------+-------------------------------------------
     0 | Abyss:1  | Gargoyl the Gnoll Abyssal Knight began the quest for the
                  | Orb.
     0 | Abyss:1  | Reached XP level 1. HP: 23/23 MP: 3/3
    50 | Abyss:1  | Noticed a ynoxinul
    53 | Abyss:1  | Noticed a hell hog
    71 | Abyss:1  | Noticed a smoke demon
    73 | D:1      | Escaped the Abyss
   364 | D:1      | Noticed a salamander
   364 | D:1      | Noticed a black bear
   528 | D:1      | Reached XP level 2. HP: 29/29 MP: 5/5
   536 | D:1      | Reached * piety under Lugonu
   879 | D:1      | Reached XP level 3. HP: 35/35 MP: 6/6
  1391 | D:2      | Noticed Terence
  1392 | D:2      | Reached ** piety under Lugonu
  1405 | D:2      | Killed Terence
  1405 | D:2      | Reached skill level 1 in Short Blades
  1405 | D:2      | Reached skill level 1 in Long Blades
  1405 | D:2      | Reached skill level 1 in Maces & Flails
  1405 | D:2      | Reached skill level 1 in Polearms
  1405 | D:2      | Reached skill level 1 in Staves
  1405 | D:2      | Reached skill level 1 in Slings
  1405 | D:2      | Reached skill level 1 in Bows
  1405 | D:2      | Reached skill level 1 in Crossbows
  1405 | D:2      | Reached skill level 1 in Throwing
  1405 | D:2      | Reached skill level 1 in Stealth
  1405 | D:2      | Reached skill level 1 in Shields
  1405 | D:2      | Reached skill level 1 in Unarmed Combat
  1405 | D:2      | Reached skill level 1 in Spellcasting
  1405 | D:2      | Reached skill level 1 in Evocations
  1405 | D:2      | Reached XP level 4. HP: 39/41 MP: 7/7
  1476 | D:2      | Reached skill level 1 in Conjurations
  1476 | D:2      | Reached skill level 1 in Hexes
  1476 | D:2      | Reached skill level 1 in Summonings
  1476 | D:2      | Reached skill level 1 in Necromancy
  1476 | D:2      | Reached skill level 1 in Translocations
  1476 | D:2      | Reached skill level 1 in Transmutations
  1476 | D:2      | Reached skill level 1 in Fire Magic
  1476 | D:2      | Reached skill level 1 in Ice Magic
  1476 | D:2      | Reached skill level 1 in Air Magic
  1476 | D:2      | Reached skill level 1 in Earth Magic
  1476 | D:2      | Reached skill level 1 in Poison Magic
  1936 | D:2      | Reached XP level 5. HP: 43/47 MP: 8/8
  2254 | D:2      | Found a runed translucent door.
  2255 | D:2      | Noticed Crazy Yiuf
  2457 | D:2      | Paralysed by Crazy Yiuf for 7 turns
  2478 | D:2      | Gained mutation: Your mind is acute. (Int +2) [potion of
                  | mutation]
  2478 | D:2      | Gained mutation: Your spells are a little harder to cast,
                  | but a little more powerful. [potion of mutation]
  2478 | D:2      | Gained mutation: Your spells are harder to cast, but more
                  | powerful. [potion of mutation]
  2478 | D:2      | Gained mutation: Your muscles are strong. (Str +2) [potion
                  | of mutation]
  2479 | D:2      | Killed Crazy Yiuf
  2486 | D:2      | HP: 2/47 [poisoned by Crazy Yiuf]
  2492 | D:2      | HP: 1/47 [poisoned by Crazy Yiuf]
  2496 | D:2      | Succumbed to Crazy Yiuf's poison

Illustrated notes

Levels and vault maps discovered:
D:1:      onia_arrival_zoo_common, layout_basic, minmay_cupped
D:2:      layout_rooms, minmay_gold_behind_fungi, uniq_terence,
          uniq_crazy_yiuf_cottage

Skill      XL: |  1  2  3  4  5 |
---------------+----------------+-----
Short Blades   | 1 |  1.5
Long Blades    | 1 |  1.5
Maces & Flails | 1 |  1.5
Polearms       | 1 |  1.5
Staves         | 1 |  1.5
Slings         | 1 |  1.5
Bows           | 1 |  1.5
Crossbows      | 1 |  1.5
Throwing       | 1 |  1.5
Stealth        | 1 |  1.5
Shields        | 1 |  1.5
Unarmed Combat | 1 |  1.5
Spellcasting   | 1 |  1.5
Evocations     | 1 |  1.5
Conjurations   | 1 |  1.2
Hexes          | 1 |  1.2
Summonings     | 1 |  1.2
Necromancy     | 1 |  1.2
Translocations | 1 |  1.2
Transmutations | 1 |  1.2
Fire Magic     | 1 |  1.2
Ice Magic      | 1 |  1.2
Air Magic      | 1 |  1.2
Earth Magic    | 1 |  1.2
Poison Magic   | 1 |  1.2
Dodging        | 3 |  3.0
Fighting       | |  6.7
Axes           | |  4.8
Armour         | |  4.8
Invocations    | |  4.9

Action                   |  1- 3 |  4- 6 || total
-------------------------+-------+-------++-------
Melee: Hand axe          |    92 |   110 ||   202
       Bite              |     5 |    10 ||    15
       Punch             |       |     1 ||     1
Invok: Depart the Abyss  |     1 |       ||     1
  Use: Potion            |     1 |     3 ||     4
       Scroll            |     5 |     2 ||     7
Armor: Leather armour    |     8 |       ||     8
       Ring mail         |    15 |       ||    15
       Chain mail        |    18 |    65 ||    83
Dodge: Dodged            |    65 |    50 ||   115

Table legend: (Time is in decaauts)
 A = Elapsed time spent in this place.
 B = Non-inter-level travel time spent in this place.
 C = Inter-level travel time spent in this place.
 D = Time resting spent in this place.
 E = Time spent auto-exploring this place.
 F = Levels seen in this place.
 G = Mean time per level.
                   A        B        C        D        E       F      G
               +--------+--------+--------+--------+--------+-----+--------+
         Total |   2501 |   2430 |     71 |    284 |   1573 |   3 |  833.7 |
       Dungeon |   2428 |   2357 |     71 |    284 |   1525 |   2 | 1214.0 |
         Abyss |     73 |     73 |      0 |      0 |     48 |   1 |   73.0 |
               +--------+--------+--------+--------+--------+-----+--------+

Top non-repeatable levels by time:
     D:1: 1413 daAuts
     D:2: 1014 daAuts
 Abyss:1: 73 daAuts
